Map: Queda Cerúlea LE

Players

bobo

  • Race: Zerg Zerg
  • League: Gold
  • Spawn Location: 7:00

Vicster - Winner!

  • Race: Terran Terran
  • League: Gold
  • Spawn Location: 1:00

VOD

Have the link to the VOD?

Description

Time

  • Played on: Jan. 8, 2019, 1:14 p.m.
  • Length: 13:26
Show
View Real Time Build Order
Export as new Build Order

bobo Zerg 

Build Orders: Hatch First 

Get SALT Encoding   

  12  0:01  Drone  
  13  0:08  Drone  
  14  0:17  Overlord  
  14  0:45  Hatchery  
  14  0:47  Drone  
  14  0:52  Drone  
  14  0:55  Extractor  
  14  0:58  Drone  
  14  1:01  Drone  
  16  1:12  Drone  
  17  1:24  Drone  
  18  1:31  Drone  
  19  1:34  Spawning Pool  
  18  1:47  Drone  
  18  1:52  Drone  
  20  2:05  Drone  
  20  2:06  Drone  
  22  2:09  Pneumatized Carapace  
  22  2:21  Drone  
  22  2:22  Queen, Drone  
  23  2:26  Overlord  
  25  2:31  Spine Crawler  
  24  2:38  Drone  
  25  2:48  Overlord  
  25  2:50  Drone  
  26  2:52  Queen  
  28  3:01  Overlord  
  28  3:06  Drone  
  28  3:07  Drone x2  
  28  3:12  Queen  
  33  3:15  Drone  
  33  3:17  Zergling x2  
  35  3:46  Zergling x2, Drone x3  
  35  3:47  Zergling x8  
  43  3:50  Lair  
  43  3:54  Baneling Nest  
  43  3:55  Drone  
  43  4:13  Zergling x2  
  43  4:14  Hatchery  
  43  4:27  Drone  
  43  4:28  Overlord  
  44  4:57  Drone  
  44  4:58  Zergling x14  
  52  5:00  Baneling  
  52  5:01  Baneling x6  
  52  5:02  Baneling x3  
  52  5:11  Overlord x4  
  52  5:17  Extractor  
  52  5:18  Queen  
  52  5:19  Extractor  
  52  5:26  Zergling x2  
  52  5:27  Zergling x4  
  55  5:30  Centrifical Hooks  
  55  5:35  Extractor, Zergling x2  
  55  5:36  Drone x3  
  58  5:45  Drone x2  
  58  5:48  Drone x4  
  64  5:50  Roach Warren  
  63  6:01  Drone  
  63  6:03  Drone x3  
  63  6:04  Drone x3  
  70  6:12  Queen  
  70  6:14  Zergling x6  
  75  6:25  Zergling x6  
  78  6:39  Spore Crawler  
  77  6:42  Drone x3  
  77  6:43  Spore Crawler, Drone x5  
  84  6:48  Zergling x6  
  87  7:14  Zergling x6  
  90  7:16  Overlord x3, Hatchery  
  90  7:20  Drone  
  90  7:31  Baneling x9  
  90  7:43  Roach x4  
  90  7:44  Roach x4  
  106  8:08  Roach x4  
  114  8:13  Overseer  
  110  8:51  Overseer  
  110  9:03  Roach  
  110  9:08  Overlord x3  
  112  9:10  Burrow  
  112  9:14  Extractor  
  112  9:15  Overlord x3, Extractor  
  110  9:17  Drone  
  110  9:18  Drone  
  112  9:40  Drone x3  
  112  9:41  Drone  
  116  9:49  Drone  
  116  9:50  Roach x4  
  125  9:53  Ravager  
  125  9:56  Drone  
  127  10:11  Drone x6  
  127  10:12  Extractor x2  
  131  10:17  Overseer, Drone x2  
  131  10:18  Drone  
  134  10:38  Roach  
  134  10:39  Zergling x14  
  143  10:56  Glial Reconstitution  
  143  10:58  Roach x4  
  143  11:03  Spire  
  150  11:04  Zergling x2  
  150  11:05  Zergling x10  
  150  11:06  Zergling x6  
  159  11:20  Spore Crawler  
  158  11:28  Hatchery  
  158  11:29  Baneling  
  158  11:30  Baneling x17  
  157  11:34  Overlord, Zergling x6  
  157  11:35  Overlord x7  
  162  11:54  Roach, Zergling x6  
  82  12:26  Mutalisk x5, Zergling x2  
  82  12:28  Mutalisk x4  
  82  12:29  Mutalisk x2  
  68  12:41  Zergling x2  
  68  12:42  Zergling x4  
  60  12:54  Mutalisk x2  
Show
View Real Time Build Order
Export as new Build Order

Vicster Terran - Winner!

Build Orders: Mech 

Get SALT Encoding   

  12  0:01  SCV  
  13  0:13  SCV  
  14  0:18  Supply Depot  
  14  0:25  SCV  
  15  0:40  SCV  
  16  0:43  Barracks  
  16  0:50  Refinery  
  16  0:52  SCV  
  17  1:04  SCV  
  18  1:16  SCV  
  19  1:28  SCV  
  20  1:40  Orbital Command  
  20  1:45  Command Center  
  20  1:57  Factory  
  20  2:00  Marine  
  20  2:31  SCV  
  20  2:32  Supply Depot  
  20  2:35  Barracks Tech Lab  
  21  2:43  SCV  
  22  3:02  Refinery  
  22  3:10  Orbital Command  
  22  3:12  Bunker  
  22  3:14  SCV  
  22  3:19  Command Center  
  23  3:20  Siege Tank  
  26  3:27  SCV  
  27  3:39  SCV  
  27  3:45  Supply Depot  
  27  3:48  Supply Depot  
  27  3:51  SCV  
  27  3:54  SCV  
  29  3:56  Siege Tank  
  32  4:03  SCV  
  32  4:07  SCV, Engineering Bay  
  34  4:15  SCV  
  35  4:19  SCV  
  36  4:30  Siege Tank  
  36  4:31  SCV  
  40  4:32  SCV  
  40  4:36  Missile Turret  
  40  4:38  Missile Turret  
  41  4:39  Orbital Command  
  41  4:42  Factory  
  41  4:55  SCV x2  
  43  5:05  SCV  
  43  5:07  Factory, SCV x2  
  45  5:09  Refinery x2  
  46  5:17  SCV  
  46  5:19  SCV  
  48  5:22  SCV  
  49  5:29  Armory, SCV  
  49  5:35  SCV x2  
  52  5:39  Factory Reactor  
  52  5:41  SCV  
  53  5:47  SCV x2  
  55  5:53  SCV  
  55  5:56  Factory  
  56  5:57  Factory Reactor  
  56  5:59  SCV x2  
  56  6:01  Hellion  
  60  6:11  SCV x2, Orbital Command  
  62  6:22  Hellion  
  64  6:26  Hellbat x2  
  64  6:30  SCV  
  64  6:31  Factory  
  69  6:37  Supply Depot  
  69  6:39  Terran Vehicle Weapons Level 1  
  69  6:41  Supply Depot  
  69  6:42  Armory  
  69  6:44  Hellion  
  69  6:45  SCV x3  
  74  6:57  SCV x3  
  77  7:03  Factory Tech Lab  
  77  7:05  Hellion  
  77  7:08  Hellbat x4  
  87  7:09  SCV x3  
  87  7:15  Factory  
  90  7:18  Factory  
  90  7:21  SCV x3  
  93  7:23  Refinery  
  93  7:25  Refinery  
  93  7:38  Supply Depot  
  93  7:39  Supply Depot  
  93  7:44  Supply Depot  
  93  7:45  Sensor Tower  
  93  7:51  Factory Tech Lab  
  93  8:00  SCV x3, Hellion  
  93  8:02  Factory Tech Lab  
  93  8:03  Factory Tech Lab  
  93  8:05  Command Center  
  98  8:12  SCV x3  
  101  8:19  Hellion  
  103  8:21  Thor  
  103  8:23  Hellbat x4  
  103  8:24  SCV  
  117  8:40  Missile Turret x2  
  117  9:10  Terran Vehicle Weapons Level 2  
  117  9:16  Thor, Hellbat x4  
  131  9:18  Command Center  
  131  9:19  Supply Depot  
  131  9:21  Supply Depot x2, Orbital Command  
  131  9:23  Supply Depot  
  131  9:24  Supply Depot  
  131  9:26  Supply Depot  
  131  9:40  Thor  
  131  9:41  Hellbat  
  131  9:42  Refinery, Thor x2  
  151  9:46  Hellbat  
  151  9:47  Hellbat  
  155  9:59  Thor  
  161  10:02  Thor, Orbital Command  
  167  10:09  Refinery  
  167  10:14  Terran Vehicle And Ship Armor Level 1  
  167  10:20  Hellbat x4  
  175  10:30  Thor x3  
  175  10:33  Planetary Fortress, Missile Turret  
  175  10:34  Missile Turret  
  194  10:42  SCV  
  194  10:43  SCV  
  195  11:16  Supply Depot  
  195  11:19  Supply Depot  
  195  11:20  Refinery, Supply Depot  
  195  11:21  Supply Depot  
  195  11:22  Supply Depot  
  195  11:38  Hellbat, SCV x3  
  200  11:46  Sensor Tower  
  200  11:50  Refinery  
  200  12:01  Hellbat  
  200  12:02  Hellbat  
  200  12:04  Hellbat  
  200  12:14  SCV x2  
  200  12:15  Hellbat x3  
  200  12:18  Thor, Hellbat  
  200  12:22  Hellbat  
  182  12:23  Hellbat  
  182  12:25  Hellbat  
  182  12:26  SCV x2  
  182  12:27  Hellion  
  186  12:36  Hellbat x3, Sensor Tower  
  192  12:39  Hellbat  
  192  12:43  Hellbat  
  196  12:45  Hellion  
  196  12:46  Hellbat  
  196  12:47  Refinery, Command Center  
  200  13:05  Factory  
  196  13:10  Factory  
  193  13:12  Factory  
  193  13:14  Factory  
Tags
 
Composition
Mech
League
GoldGold
Matchup
TvZ
Replay Pack
Vicster replay
Spawn Locations
Cross Positions
Add a new tag
Caveats
  • Supply blocks, unpowered buildings, or Contaminate may cause inaccurate times.
  • Supply counts are checked every 10 seconds.